 Dungeon Crawl Stone Soup version 0.28.0-47-ge53b351184 (webtiles) character file.

Game seed: 17822708740640398268

4300 101zpm the Thaumaturge (level 10, -2/65 HPs)
             Began as a Djinni Fire Elementalist on Apr 30, 2022.
             Shot with a sling bullet by Joseph (21 damage)
             ... on level 8 of the Dungeon.
             The game lasted 00:28:49 (11227 turns).

101zpm the Thaumaturge (Djinni Fire Elementalist)  Turns: 11227, Time: 00:28:50

Health: -2/65      AC:  2    Str: 10    XL:     10   Next: 58%
Gold:   277        EV: 13    Int: 21    God:
                   SH:  0    Dex: 20

rFire   + + .      SeeInvis .   m - +6 spear "Zololoun" {holy, Drain rPois rN+ Str+3}
rCold   . . .      Faith    .   (no shield)
rNeg    + . .      Spirit   .   D - +2 leather armour {rC+}
rPois   ∞          Reflect  .   (no helmet)
rElec   .          Harm     .   (no cloak)
rCorr   .          Rampage  .   C - +0 pair of gloves
Will    +....                   (boots unavailable)
Stlth   +++.......              w - amulet of regeneration
HPRegen 1.00/turn               l - +6 ring of dexterity
MPRegen 0.00/turn               (no ring)

@: corroded, flying
A: sickness immunity, fire resistance 2, cold vulnerability 1, float, innate
caster, HP casting, extra vitality 1
a: no special abilities


You were on level 8 of the Dungeon.
You visited 1 branch of the dungeon, and saw 8 of its levels.
You also visited: Ossuary.

You collected 577 gold pieces.
You spent 300 gold pieces at shops.

Inventory:

Hand Weapons
 m - the +6 spear "Zololoun" (weapon) {holy, Drain rPois rN+ Str+3}
   (You found it on level 2 of the Dungeon)

   It has been blessed by the Shining One to cause great damage to the undead
   and demons.
   Str:       It affects your strength (+3).
   rPois:     It protects you from poison.
   rN:        It protects you from negative energy.
   Drain:     It drains your maximum health when unequipped.
 x - a +0 flail of protection
Armour
 a - a +0 robe
 y - a +2 scale mail of fire resistance
 C - a +0 pair of gloves (worn)
 D - a +2 leather armour of cold resistance (worn)
Jewellery
 l - a +6 ring of dexterity (left hand)
 w - an amulet of regeneration (around neck)
Wands
 f - a wand of digging (10)
 B - a wand of flame (45)
Scrolls
 d - 2 scrolls of blinking
 e - 2 scrolls of summoning
 h - 2 scrolls of fog {unknown}
 k - 4 scrolls of teleportation
 r - a scroll of immolation {unknown}
 u - a scroll of enchant weapon {unknown}
 A - a scroll of identify {unknown}
 E - a scroll of amnesia {unknown}
 G - a scroll of brand weapon {unknown}
Potions
 b - 2 potions of cancellation {unknown}
 c - 3 potions of might {unknown}
 g - 3 potions of heal wounds {unknown}
 i - 4 potions of haste {unknown}
 j - 6 potions of flight {unknown}
 n - 5 potions of curing {unknown}
 o - 3 potions of invisibility
 p - a potion of resistance {unknown}
 q - a potion of mutation {unknown}
 s - 4 potions of magic {unknown}
 t - 3 potions of brilliance {unknown}
 v - a potion of ambrosia {unknown}
 z - a potion of degeneration {unknown}
 F - a potion of lignification {unknown}


   Skills:
 + Level 2.7 Fighting
 + Level 3.4 Polearms
 + Level 3.4 Dodging
 + Level 4.0 Stealth
 + Level 10.2 Spellcasting


You had 6 spell levels left.
You knew the following spells:

 Your Spells              Type           Power      Damage    Failure   Level
a - Foxfire               Conj/Fire      100%       2x1d9     1%          1
b - Scorch                Fire           100%       2d10      1%          2
c - Conjure Flame         Conj/Fire      52%        6-21      1%          3
d - Inner Flame           Hex/Fire       52%        N/A       1%          3
e - Flame Wave            Conj/Fire      52%        2d11      1%          4
f - Pain                  Necr           100%       1d9       1%          1
g - Corpse Rot            Necr/Air       100%       N/A       1%          2
h - Summon Guardian Gole  Hex/Summ       52%        N/A       1%          3
i - Anguish               Hex/Necr       26%        N/A       1%          4
Your spell library was empty.

Dungeon Overview and Level Annotations

Branches:
Dungeon (8/15)             Temple (0/1) D:6         Ossuary (visited)
   Lair: D:8-11

Altars:
Ashenzari
Fedhas
Qazlal
Trog
Wu Jian
The Shining One

Shops:
D:1 =

Annotations:
D:7 3 runed translucent doors, KamiKatze's ghost, novice OpCj
D:8 Joseph


Innate Abilities, Weirdness & Mutations

You are immune to sickness and miasma.
You are immune to poison.
Your flesh is very heat resistant. (rF++)
You are vulnerable to cold. (rC-)
You float through the air rather than walking.
You learn spells naturally, not from books.
Your magical power is your life essence.
You have superior vitality. (+4 MHP)


Message History

Joseph, a Mercenary comes into view.
He is wielding a +0 quarterstaff and carrying a wand of acid (7).
You conjure some foxfire!
You conjure some foxfire!
The foxfire hits Joseph.
Joseph is lightly wounded.
Joseph shouts!
Joseph zaps a wand.
The bolt of acid hits your foxfire!!! The acid corrodes your foxfire!
The bolt of acid misses you.
Casting: Foxfire (safe; 1% risk of failure)
Confirm with . or Enter, or press ? or * to list all spells.
Aiming: Inner Flame (safe; 1% risk of failure)
Press: ? - help, Dir - move target, f - Joseph
Aim: Joseph, wielding a +0 quarterstaff, wearing a +0 ring mail, quivering sling bullets and carrying a wand of acid (6) (lightly wounded, ally target, chance to affect: 85%) Joseph is filled with an inner flame.
The foxfire hits Joseph but does no damage.
Joseph is lightly wounded.
The foxfire hits Joseph.
Flame seeps out of Joseph.
Joseph is lightly wounded.
Joseph is engulfed in blazing flames.
Flame seeps out of Joseph.
Joseph unwields a +0 quarterstaff.
Joseph wields a +0 hunting sling.
Joseph shoots a sling bullet.
The sling bullet hits you!
You conjure some foxfire!
You conjure some foxfire!
The foxfire hits Joseph.
Flame seeps out of Joseph.
Joseph is moderately wounded.
Joseph is engulfed in blazing flames.
Flame seeps out of Joseph.
Joseph zaps a wand.
The bolt of acid hits your foxfire!! The acid corrodes your foxfire!
The bolt of acid hits you!!
Ouch! That really hurt!
The acid corrodes you!
You are too injured to fight recklessly!
Casting: Foxfire (safe; 1% risk of failure)
Confirm with . or Enter, or press ? or * to list all spells.
Flames lash Joseph.
Flame seeps out of Joseph.
Joseph is heavily wounded.
Joseph's fire resistance burns away.
* * * LOW HITPOINT WARNING * * *
The foxfire hits Joseph!
Joseph is burned terribly!
Flame seeps out of Joseph.
Joseph is severely wounded.
Joseph is engulfed in blazing flames.
Flame seeps out of Joseph.
Joseph shoots a sling bullet.
The sling bullet hits you!!
You die...

####### #(....#
###.###.# ## ######
....# #.#########..
.)...<
....###.........#.##
######
###.............§.@
######.########§#.# ..#
#.# #§#§# #.#
#.########§@§#
..####...§§§v§§#########
.......#######.[.......#
.#####.# #########.# ##
#.# #.########## # ##.##
#........... # #...#
#####..##### # #.#>#
#^.# # #...# #..#


You could see Joseph (inner flame, combustible).

Vanquished Creatures
  Pikel (D:8)
  Grinder (D:6)
  Sigmund (D:6)
  Edmund (D:4)
  Duvessa (D:7)
  3 black bears
  2 sky beasts
  2 ice beasts
  2 orc warriors
  2 necrophages
  4 ogres
  A centaur (D:7)
  Blork the orc (D:6)
  A gnoll sergeant (D:8)
  4 scorpions
  A wyvern zombie (D:8)
  Dowan (D:7)
  5 wights (D:8)
  3 electric eels (D:6)
  A howler monkey (D:4)
  A bullfrog zombie (D:5)
  A centaur zombie (D:6)
  3 hounds (D:6)
  An orc priest (D:7)
  A jelly (D:6)
  A bullfrog skeleton (D:6)
  A centaur skeleton (D:6)
  An iguana (D:6)
  10 orc wizards
  Natasha (thrice) (D:3)
  8 mummies (Ossuary)
  8 gnolls
  2 howler monkey zombies (D:8)
  10 adders
  A shadow imp (D:7)
  2 worms
  16 orcs
  10 endoplasms
  2 giant cockroaches
  3 gnoll zombies (Ossuary)
  4 goblins
  4 hobgoblins
  4 jackals (D:3)
  4 kobolds
  6 quokkas
  5 ball pythons
  4 bats
  2 frilled lizards
  3 hobgoblin zombies (Ossuary)
  A kobold zombie (Ossuary)
  An orc zombie (Ossuary)
  8 rats
169 creatures vanquished.

Vanquished Creatures (others)
  691 foxfires
  20 plants (D:6)
711 creatures vanquished.

Grand Total: 880 creatures vanquished

Notes
Turn   | Place    | Note
-------+----------+-------------------------------------------
     0 | D:1      | 101zpm the Djinni Fire Elementalist began the quest for the
                  | Orb.
     0 | D:1      | Reached XP level 1. HP: 15/15 MP: 0/0
    66 | D:1      | Found Yzef's Jewellery Shop.
   359 | D:1      | Reached XP level 2. HP: 19/21 MP: 0/0
   838 | D:1      | Found a faded altar of an unknown god.
  1317 | D:1      | Reached XP level 3. HP: 19/25 MP: 0/0
  1317 | D:1      | Learned a level 1 spell: Pain
  1419 | D:1      | Reached skill level 3 in Spellcasting
  2139 | D:2      | Reached XP level 4. HP: 26/31 MP: 0/0
  3105 | D:2      | Identified the +6 spear "Zololoun" {holy, Drain rPois rN+
                  | Str+3}
  3647 | D:3      | Found a stormy altar of Qazlal.
  3753 | D:3      | Reached XP level 5. HP: 32/35 MP: 0/0
  3753 | D:3      | Learned a level 2 spell: Corpse Rot
  4204 | D:3      | Noticed Natasha
  4215 | D:3      | Killed Natasha
  4216 | D:3      | Reached skill level 4 in Spellcasting
  5026 | D:3      | Noticed Natasha
  5030 | D:3      | Killed Natasha
  5031 | D:3      | Reached XP level 6. HP: 37/41 MP: 0/0
  5040 | D:3      | Noticed Natasha
  5044 | D:3      | Killed Natasha
  5045 | D:3      | Reached skill level 1 in Polearms
  5361 | D:4      | Noticed a sky beast
  5366 | D:4      | Killed a sky beast
  5367 | D:4      | Reached skill level 1 in Fighting
  5367 | D:4      | Reached XP level 7. HP: 31/47 MP: 0/0
  5367 | D:4      | Learned a level 3 spell: Summon Guardian Golem
  5708 | D:4      | Found an ornate altar of the Wu Jian Council.
  5708 | D:4      | Found a bloodstained altar of Trog.
  5778 | D:4      | Found a sand-covered staircase.
  5785 | Ossuary  | Entered an ossuary
  6577 | D:4      | Noticed Edmund
  7014 | D:1      | Bought an amulet of regeneration for 300 gold pieces
  7136 | D:4      | Killed Edmund
  7137 | D:4      | Reached skill level 5 in Spellcasting
  7365 | D:5      | Entered Level 5 of the Dungeon
  7435 | D:5      | Reached XP level 8. HP: 47/52 MP: 0/0
  8198 | D:5      | Found a blossoming altar of Fedhas.
  8411 | D:5      | Identified the +4 short sword of Bovvycef {vorpal, rC-
                  | Str+8}
  8486 | D:6      | Reached skill level 6 in Spellcasting
  8708 | D:6      | Reached XP level 9. HP: 32/58 MP: 0/0
  8708 | D:6      | Learned a level 4 spell: Anguish
  8890 | D:6      | Reached skill level 7 in Spellcasting
  8951 | D:6      | Found a staircase to the Ecumenical Temple.
  9074 | D:6      | Noticed Blork the orc
  9090 | D:6      | Killed Blork the orc
  9202 | D:6      | Noticed Sigmund
  9207 | D:6      | Killed Sigmund
  9246 | D:6      | Reached skill level 8 in Spellcasting
  9328 | D:6      | Noticed Grinder
  9333 | D:6      | Killed Grinder
  9557 | D:6      | Found a glowing golden altar of the Shining One.
  9873 | D:7      | Noticed Dowan
  9876 | D:7      | Noticed Duvessa
  9878 | D:7      | Killed Dowan
  9886 | D:7      | Killed Duvessa
  9887 | D:7      | Reached XP level 10. HP: 31/65 MP: 0/0
 10005 | D:7      | Reached skill level 9 in Spellcasting
 10139 | D:7      | Found a runed translucent gate.
 10140 | D:7      | Found a runed translucent gate.
 10141 | D:7      | Found a runed translucent gate.
 10144 | D:7      | Noticed KamiKatze's ghost (novice OpCj)
 10237 | D:7      | Found a broken altar of Ashenzari.
 10520 | D:8      | Noticed Pikel
 10524 | D:8      | Killed Pikel
 10578 | D:8      | Reached skill level 10 in Spellcasting
 11221 | D:8      | Noticed Joseph
 11227 | D:8      | Shot with a sling bullet by Joseph

Illustrated notes

Levels and vault maps discovered:
D:1:      psy_arrival_radial02, layout_basic, ebering_ecumenical_altar_hall,
          serial_shops, shop, serial_bayou_pond_e
D:2:      layout_basic, minmay_pentomino_pile
D:3:      layout_basic, nicolae_overflow_hidden_temple,
          nicolae_qazlal_eye_of_the_storm, st_stairs_14, minmay_box_of_dots,
          uniq_natasha
D:4:      layout_loops_ring, gammafunk_temple_overflow_wave,
          nicolae_ossuary_entry_ruins, hangedman_glass_teeth, uniq_edmund
D:5:      layout_loops_corners, amcnicky_altar_gilded, hangedman_decor_opposing
D:6:      minmay_flawed_box, layout_loops_corners, marbit_many_paths,
          minmay_temple_entry_hall, serial_bayou_lake_a, uniq_grinder,
          uniq_sigmund, uniq_blork_the_orc
D:7:      cheibrodos_iron_armory, layout_loops_ring, lemuel_tele_altar,
          gammafunk_ghost_necromancy, uniq_duvessa
D:8:      layout_loops_ring, uniq_pikel, uniq_joseph

Skill      XL: |  1  2  3  4  5  6  7  8  9 10 |
---------------+-------------------------------+-----
Stealth        | 2 3 4 |  4.0
Spellcasting   | 3 4 5 6 8 10 | 10.2
Polearms       | 2 3 |  3.4
Fighting       | 1 2 |  2.7
Dodging        | 3 |  3.4

Action                   |  1- 3 |  4- 6 |  7- 9 | 10-12 || total
-------------------------+-------+-------+-------+-------++-------
Melee: Unarmed           |     2 |       |       |       ||     2
       Spear             |       |    64 |    12 |       ||    76
 Cast: Foxfire           |    84 |   108 |   215 |    51 ||   458
       Inner Flame       |       |     1 |    46 |    29 ||    76
       Scorch            |       |       |    16 |    17 ||    33
       Summon Guardian G |       |       |    12 |     5 ||    17
       Conjure Flame     |       |       |     3 |       ||     3
  Use: Scroll            |       |     6 |       |       ||     6
 Stab: Sleeping          |       |     5 |       |       ||     5
Armor: Robe              |     2 |    11 |     2 |       ||    15
Dodge: Dodged            |     6 |    35 |    15 |     4 ||    60
